 Dungeon Sprint DCSS version 0.23.2-1-ga50397a (webtiles) character file.

Game seed: 3611006161184419973

1626 Fang the Fighter (level 8, -16/60 HPs)
             Began as a Gargoyle Berserker on May 1, 2019.
             Was a High Priest of Trog.
             Demolished by a sun demon (19 damage)
             ... in the Dungeon (Sprint VII: "The Pits") on May 7, 2019.
             The game lasted 00:02:08 (1029 turns).

Fang the Fighter (Gargoyle Berserker)               Turns: 1029, Time: 00:02:09

Health: -16/60     AC: 23    Str: 26    XL:     8   Next: 97%
Magic:  8/8        EV: 11    Int:  8    God:    Trog [*****.]
Gold:   0          SH:  0    Dex: 12    Spells: 7/7 levels left

rFire    . . .     SeeInvis .   u - +1 broad axe (freeze)
rCold    . . .     Gourm    .   (no shield)
rNeg     + . .     Faith    .   j - +3 plate armour
rPois    ∞         Spirit   .   (no helmet)
rElec    +         Reflect  .   (no cloak)
rCorr    .         Harm     .   (no gloves)
MR       .....     NoTele   +   (no boots)
Stlth    ..........             (no amulet)
HPRegen  0.20/turn              p - +3 ring of strength
MPRegen  0.11/turn              t - +3 ring of dexterity

@: berserk cooldown, slowed, very slow
A: negative energy resistance 1, electricity resistance, unbreathing,
petrification resistance, rot immunity, AC +5
a: Berserk, Trog's Hand, Brothers in Arms, Renounce Religion


You were in the Dungeon.
You worshipped Trog.
Trog was extremely pleased with you.
You were near starving.

You visited 1 branch

Inventory:

Hand Weapons
 u - a +1 broad axe of freezing (weapon)
Armour
 j - a +3 plate armour (worn)
Jewellery
 p - a +3 ring of strength (left hand)
 t - a +3 ring of dexterity (right hand)
Scrolls
 i - a scroll of blinking
 k - 3 scrolls of remove curse
 l - a scroll of summoning
Potions
 a - 2 potions of invisibility
 d - 7 potions of curing
 e - 8 potions of heal wounds
 f - 2 potions of haste
 g - 4 potions of magic
 h - 4 potions of berserk rage
 q - a potion of agility
 r - 2 potions of brilliance
 s - 2 potions of resistance
Comestibles
 c - 9 rations
 m - 7 chunks of flesh


   Skills:
 + Level 11.1 Fighting
 + Level 9.4 Axes
 + Level 10.8 Armour
 + Level 8.4 Dodging


You had 7 spell levels left.
You didn't know any spells.
Your spell library was empty.

Dungeon Overview and Level Annotations

Branches:
Dungeon (1/1)

Altars:


Innate Abilities, Weirdness & Mutations

You are resistant to torment.
Your stone body is resilient. (AC +5)
You are immune to poison.
You resist negative energy. (rN+)
You are resistant to electric shocks. (rElec)
You can survive without breathing.
You are immune to petrification.
You are immune to rotting.


Message History

The sun demon hits you.
You are engulfed in flames!
The deep elf mage gestures wildly while chanting.
The deep elf mage blinks!
An elephant comes into view.
A yak comes into view.
You are too injured to fight recklessly!
You are too injured to fight recklessly!
You are too injured to fight recklessly!
You are too injured to fight recklessly!
Your two-headed ogre goes berserk!
You are near starving!
The yak bellows!
A merfolk comes into view. It is wielding a +0 trident.
The sun demon hits you!
* * * LOW HITPOINT WARNING * * *
You are engulfed in flames!
* * * LOW HITPOINT WARNING * * *
The yak gores your two-headed ogre!
The deep elf mage hits you but does no damage.
The sun demon hits you!!
You die...

.#))#####'#####''######
.#.)##.......##''#
##))##.......##..#
.#..##.......##..#
.#'###...<...##..#
....##.......##.)#
....##.......##..## .
######.......##..3##..m.
##..###########.@OY'.YY.
.#.############..e##....
##.#....#..[[##..## ...
.#)#....#..[[##..# ..
##)÷)...'..))##..# T
.#÷#....#.!))##..#
.÷.#....#..))##..#
##################


You could see an elephant, a merfolk, a sun demon, a deep elf mage, 2 yaks and a
friendly two-headed ogre (berserk).

Vanquished Creatures
  A deep elf mage (D)
  A red devil (D)
  An ice devil (D)
  A bog body (D)
  A flying skull (D)
  A warg (D)
  An ogre (D)
  A big kobold (D)
  A bullfrog (D)
  A worker ant (D)
  2 river rats (D)
  A white imp (D)
  A worm (D)
  A leopard gecko (D)
  An orc (D)
  A bat (D)
  2 bat skeletons (D)
  2 bat zombies (D)
  A giant cockroach (D)
  A goblin (D)
  A hobgoblin (D)
  4 jackals (D)
  A quokka (D)
29 creatures vanquished.

Notes
Turn   | Place    | Note
-------+----------+-------------------------------------------
     0 | D        | Fang the Gargoyle Berserker began the quest for the Orb.
     0 | D        | Reached XP level 1. HP: 14/14 MP: 1/1
    65 | D        | Reached ** piety under Trog
    95 | D        | Reached skill level 4 in Fighting
    95 | D        | Reached XP level 2. HP: 10/20 MP: 2/2
   258 | D        | Reached *** piety under Trog
   324 | D        | Noticed a bullfrog
   324 | D        | Noticed a deep elf mage
   325 | D        | Noticed an ogre
   328 | D        | Killed a bullfrog
   328 | D        | Reached skill level 5 in Fighting
   328 | D        | Reached skill level 5 in Armour
   328 | D        | Reached XP level 3. HP: 27/27 MP: 3/3
   328 | D        | Reached XP level 4. HP: 32/32 MP: 4/4
   328 | D        | Reached **** piety under Trog
   330 | D        | Killed an ogre
   330 | D        | Reached skill level 6 in Fighting
   330 | D        | Reached skill level 5 in Axes
   330 | D        | Reached XP level 5. HP: 34/37 MP: 5/5
   336 | D        | Killed a deep elf mage
   336 | D        | Reached skill level 9 in Fighting
   336 | D        | Reached XP level 6. HP: 11/46 MP: 6/6
   336 | D        | Reached XP level 7. HP: 12/51 MP: 7/7
   598 | D        | Reached ***** piety under Trog
   601 | D        | Noticed an ice devil
   612 | D        | Killed an ice devil
   653 | D        | Noticed a warg
   663 | D        | Reached XP level 8. HP: 53/57 MP: 8/8
   678 | D        | Reached skill level 10 in Fighting
   822 | D        | Noticed a bog body
   830 | D        | Received a gift from Trog
   836 | D        | Killed a bog body
   836 | D        | Reached skill level 10 in Armour
  1015 | D        | Noticed a flying skull
  1016 | D        | Noticed a red devil
  1016 | D        | Noticed a sun demon
  1020 | D        | Killed a flying skull
  1024 | D        | Killed a red devil
  1024 | D        | Reached skill level 11 in Fighting
  1026 | D        | Noticed a deep troll
  1027 | D        | Noticed a yak
  1027 | D        | Noticed a deep elf mage
  1027 | D        | Noticed a yak
  1028 | D        | Noticed an elephant
  1028 | D        | Noticed a yak
  1029 | D        | Noticed a merfolk
  1029 | D        | HP: 3/60 [sun demon (15)]
  1029 | D        | Demolished by a sun demon

Skill      XL: |  1  2  3  4  5  6  7  8 |
---------------+-------------------------+-----
Axes           | 3 4 5 7 8 9 |  9.4
Dodging        | 2 3 4 6 7 8 |  8.4
Fighting       | 4 5 6 9 11 | 11.1
Armour         | 3 5 6 8 9 10 | 10.8

Action                   |  1- 3 |  4- 6 |  7- 9 || total
-------------------------+-------+-------+-------++-------
Melee: Hand axe          |    26 |     8 |    54 ||    88
       Broad axe         |       |       |     4 ||     4
Invok: Berserk           |     1 |       |     3 ||     4
       Brothers in Arms  |       |       |     1 ||     1
  Eat: Chunk             |       |       |     3 ||     3
Armor: Animal skin       |    20 |       |       ||    20
       Ring mail         |     6 |       |    15 ||    21
       Plate armour      |       |       |     4 ||     4
Dodge: Dodged            |    35 |     2 |    30 ||    67
